AoeStats
← TheLaaNd4432

Hill Fort

505328552Analyzed
3v3 RM · 24d ago on Sep 8, 2026· 45m 8s· 6 players
Game mode
Random Map
Map size
Normal (6 player)
Population
200
Speed
Normal
Resources
Standard
Victory
Conquest
Starting age
Dark Age
Ending age
Imperial Age
RankedLock teamsTeams togetherTeam positionsShared explorationLock speedFull tech treeHidden civsTurbo modeCheats
Victory
Defeat
🇨🇴 Franks · Colombia
898
+13
🇦🇷 Gurjaras · Argentina
888
+13
🇹🇷 Italians · Türkiye
864
+14
🇹🇷 Britons · Türkiye
919
-46
🇹🇷 Khmer · Türkiye
800
-12
🇹🇷 Huns · Türkiye
760
-11
ElMig
10:22 Feudal Age
14:20 Double-Bit Axe
19:14 Castle Age
17:36 Gold Mining
19:20 Wheelbarrow
22:15 Forging
24:46 Hand Cart
24:40 Scale Barding Armor
25:50 Husbandry
30:07 Chain Barding Armor
34:35 Imperial Age
32:21 Bow Saw
32:46 Gold Shaft Mining
32:03 Stone Mining
35:04 Iron Casting
35:31 Chivalry
35:59 Conscription
35:02 Cavalier
42:41 Paladin
juanppalacio
11:14 Feudal Age
12:04 Double-Bit Axe
16:39 Wheelbarrow
20:28 Castle Age
19:20 Stone Mining
19:21 Gold Mining
19:18 Horse Collar
21:35 Bow Saw
27:13 Elite Skirmisher
28:14 Heavy Plow
32:32 Imperial Age
34:26 Conscription
35:20 Padded Archer Armor
35:10 Fletching
35:31 Forging
35:22 Scale Mail Armor
35:27 Scale Barding Armor
37:08 Leather Archer Armor
36:49 Bodkin Arrow
38:59 Chain Mail Armor
39:35 Chain Barding Armor
39:51 Iron Casting
41:48 Elite Chakram Thrower
42:45 Kshatriyas
WuLuDuDu
12:45 Feudal Age
14:58 Horse Collar
15:07 Double-Bit Axe
20:01 Castle Age
21:59 Wheelbarrow
21:36 Heavy Plow
21:52 Bow Saw
23:55 Coinage
30:56 Imperial Age
28:30 Fletching
28:40 Padded Archer Armor
28:48 Gold Mining
28:48 Stone Mining
30:13 Bodkin Arrow
30:34 Leather Archer Armor
31:10 Ballistics
32:57 Chemistry
32:04 Bracer
32:47 Ring Archer Armor
32:33 Bracer
38:35 Elite Genoese Crossbowman
39:58 Caravan
45:24 Two-Man Saw
45:04 Crop Rotation
emrepngall
12:40 Feudal Age
17:05 Horse Collar
17:11 Double-Bit Axe
17:19 Gold Mining
18:22 Stone Mining
22:27 Castle Age
20:52 Scale Mail Armor
20:57 Scale Barding Armor
21:04 Scale Barding Armor
21:41 Forging
24:12 Iron Casting
27:15 Wheelbarrow
27:19 Gold Shaft Mining
28:21 Marauders
28:43 Chain Mail Armor
28:49 Chain Barding Armor
29:37 Bow Saw
31:31 Heavy Plow
38:56 Imperial Age
40:03 Elite Tarkan
41:22 Plate Barding Armor
41:47 Blast Furnace
TheLaaNd4432
0:42 Loom
10:38 Loom
13:24 Feudal Age
14:50 Wheelbarrow
14:08 Double-Bit Axe
16:13 Horse Collar
23:17 Castle Age
21:43 Forging
21:34 Scale Mail Armor
21:35 Padded Archer Armor
21:25 Fletching
23:52 Crossbowman
28:10 Chain Mail Armor
28:10 Leather Archer Armor
27:51 Bodkin Arrow
29:29 Squires
30:16 Pikeman
35:05 Iron Casting
38:24 Ballistics
43:09 Imperial Age
nisatros
14:25 Feudal Age
15:40 Double-Bit Axe
17:27 Horse Collar
17:41 Gold Mining
20:49 Castle Age
24:13 Caravan
24:12 Stone Mining
24:34 Bow Saw
25:05 Loom
25:58 Wheelbarrow
27:17 Hand Cart
28:16 Stone Shaft Mining
28:19 Gold Shaft Mining
27:48 Heavy Plow
28:34 Bloodlines
28:28 Husbandry
28:39 Light Cavalry
32:17 Scale Barding Armor
38:24 Imperial Age
36:01 Tusk Swords
41:11 Double Crossbow
Connection lost

Rejoining the realm…

Still unreachable

The connection could not be restored.

Session expired

The server has moved on; the page needs a fresh start.